 Dungeon Crawl Stone Soup version 0.25-a0-842-g81a31cfd23 (webtiles) character file.

Game seed: 592291997305510976, levelgen mode: deterministic

2531 Maedhros the Blocker (level 9, -10/59 HPs)
             Began as an Octopode Fighter on Apr 25, 2020.
             Was a Believer of Qazlal.
             Mangled by a hornet (17 damage)
             ... while paralysed by a hornet
             ... on level 8 of the Dungeon.
             The game lasted 00:06:21 (6824 turns).

Maedhros the Blocker (Octopode Fighter)             Turns: 6824, Time: 00:06:22

Health: -10/59     AC:  1    Str: 15    XL:     9   Next: 55%
Magic:  11/11      EV:  2    Int: 10    God:    Qazlal [**....]
Gold:   336        SH:  0    Dex: 15    Spells: 8/8 levels left

rFire    . . .     SeeInvis .   m - +7 mace of Akuass {vorpal, rPois rN+}
rCold    . . .     Gourm    .   b - +0 kite shield
rNeg     + . .     Faith    .   (helmet restricted)
rPois    +         Spirit   .   (no amulet)
rElec    .         Reflect  .   (no ring)
rCorr    .         Harm     .   (no ring)
MR       .....                  (no ring)
Stlth    ++........             (no ring)
HPRegen  0.19/turn              (no ring)
MPRegen  0.12/turn              (no ring)
                                (no ring)
                                (no ring)

@: paralysed
A: almost no armour, stealthy swim, amphibious, 8 rings, constrict 8, camouflage
1, gelatinous body 1
a: Upheaval, Renounce Religion


You were on level 8 of the Dungeon.
You worshipped Qazlal.
Qazlal was pleased with you.
You were not hungry.

You visited 2 branches of the dungeon, and saw 9 of its levels.
You also visited: Ossuary.

You collected 336 gold pieces.

Inventory:

Hand Weapons
 a - a +0 trident
 m - the +7 mace of Akuass (weapon) {vorpal, rPois rN+}
   (You found it on level 4 of the Dungeon)

   It inflicts extra damage upon your enemies.
   It protects you from poison.
   It protects you from negative energy.
 o - a +3 hand crossbow
Missiles
 x - 38 bolts
Armour
 b - a +0 kite shield (worn)
Wands
 j - a wand of scattershot (1)
 y - a wand of acid (8)
Scrolls
 e - 2 scrolls of fog {unknown}
 f - 5 scrolls of remove curse {unknown}
 g - a scroll of fear {unknown}
 i - 4 scrolls of teleportation {unknown}
 k - 3 scrolls of immolation {unknown}
 q - 5 scrolls of identify {unknown}
 u - 2 scrolls of enchant weapon {unknown}
Potions
 c - 4 potions of might
 h - 4 potions of curing
 l - a potion of stabbing {unknown}
 n - a potion of brilliance {unknown}
 p - 4 potions of flight {unknown}
 r - 2 potions of magic {unknown}
 s - 2 potions of degeneration {unknown}
 t - 2 potions of haste {unknown}
 v - 2 potions of heal wounds {unknown}
 w - a potion of resistance {unknown}
 z - a potion of cancellation {unknown}
 A - a potion of ambrosia {unknown}
Comestibles
 d - 14 rations


   Skills:
 + Level 4.7 Fighting
 + Level 6.6 Maces & Flails
 - Level 4.0 Polearms
 + Level 4.8 Dodging
 + Level 8.2 Shields
 + Level 3.8 Invocations


You had 8 spell levels left.
You didn't know any spells.
Your spell library was empty.

Dungeon Overview and Level Annotations

Branches:
Dungeon (8/15)             Temple (1/1) D:5         Ossuary (visited)
   Lair: D:8-11

Altars:
Ashenzari
Cheibriados
Elyvilon
Fedhas
Gozag
Hepliaklqana
Kikubaaqudgha
Makhleb
Okawaru
Qazlal
Ru
Sif Muna
Trog
Uskayaw
Vehumet
Yredelemnul
Zin
The Shining One


Innate Abilities, Weirdness & Mutations

You cannot wear most types of armour.
You are very stealthy in the water. (Stealth+)
You are amphibious.
You can wear up to eight rings at the same time.
You can use your tentacles to constrict eight enemies at once.
Your skin changes colour to match your surroundings (Stealth+).
Your rubbery body absorbs attacks. (AC +1, EV +1)


Message History

You hit the hornet. Your grab misses the hornet.
Your squeeze misses the hornet.
The hornet is moderately wounded.
The hornet stings you. You block the hornet's attack.
A hornet is nearby!
A hornet is nearby!
You hit the hornet. Your grab misses the hornet.
The hornet is moderately wounded.
You block the hornet's attack. The hornet stings you!
You sock the hornet! Your grab misses the hornet.
The hornet is severely wounded.
The hornet stings you!
You miss the hornet. You grab the hornet. Your squeeze misses the hornet.
The hornet is severely wounded.
You constrict the hornet. You block the hornet's attack.
The hornet stings you!!
* * * LOW HITPOINT WARNING * * *
You suddenly lose the ability to move!
You lose your grip on the hornet.
The hornet stings you!
You die...

#..........#...##....##
#.....................#
$!...#.#......#.......#
...#.#.#.....>.#......#
#....................
#....................
#..........####......
#.....°##### ......
...#.#○@# ... .. #.y# #
#..# # #..# # .... #
..... # ..... # .......
#. #..


You could see a hornet.

Vanquished Creatures
  Grinder (D:5)
  A hippogriff (D:7)
  Menkaure (D:7)
  Duvessa (D:7)
  An orc warrior (D:7)
  A sky beast (D:6)
  A phantom (D:8)
  A centaur (D:6)
  A bullfrog (D:8)
  An elf zombie (Ossuary)
  Dowan (D:7)
  A scorpion (D:7)
  3 crimson imps
  5 centaur zombies
  2 hounds
  2 jellies (D:6)
  A human zombie (Ossuary)
  6 orc priests
  A centaur skeleton (D:5)
  A bullfrog skeleton (D:8)
  An iguana (D:8)
  4 worker ants
  5 orc wizards
  3 big kobold zombies (Ossuary)
  2 hound skeletons
  2 mummies (Ossuary)
  A worker ant zombie (D:6)
  A howler monkey skeleton (D:6)
  A gnoll (D:5)
  5 adders
  7 river rats (D:5)
  2 shadow imps
  2 oozes
  An adder zombie (Ossuary)
  2 worms
  A dart slug (D:1)
  7 leopard geckos
  18 orcs
  8 giant cockroaches
  7 hobgoblins
  9 jackals (D:1)
  8 quokkas
  3 ball pythons
  8 bats
  3 frilled lizards (D:2)
  10 goblins
  8 hobgoblin zombies (Ossuary)
  A jackal skeleton (D:6)
  6 kobolds
  11 kobold zombies (Ossuary)
  8 orc zombies (Ossuary)
  A quokka zombie (D:5)
  18 rats
207 creatures vanquished.

Notes
Turn   | Place    | Note
-------+----------+-------------------------------------------
     0 | D:1      | Maedhros the Octopode Fighter began the quest for the Orb.
     0 | D:1      | Reached XP level 1. HP: 16/16 MP: 1/1
    71 | D:1      | Reached XP level 2. HP: 19/21 MP: 2/2
   232 | D:1      | Reached XP level 3. HP: 24/26 MP: 3/3
   616 | D:3      | Reached skill level 4 in Shields
   616 | D:3      | Reached XP level 4. HP: 31/31 MP: 4/4
   952 | D:4      | Reached XP level 5. HP: 19/36 MP: 5/5
  1218 | D:4      | Got a jewelled mace
  1219 | D:4      | Identified the +7 mace of Akuass {vorpal, rPois rN+} (You
                  | found it on level 4 of the Dungeon)
  1466 | D:5      | Entered Level 5 of the Dungeon
  1546 | D:5      | Reached skill level 1 in Maces & Flails
  1574 | D:5      | Reached skill level 5 in Shields
  1574 | D:5      | Reached XP level 6. HP: 40/42 MP: 6/6
  1627 | D:5      | Found a sand-covered staircase.
  1639 | Ossuary  | Entered an ossuary
  1918 | Ossuary  | Reached XP level 7. HP: 37/46 MP: 7/7
  1935 | Ossuary  | Reached skill level 6 in Shields
  2490 | D:5      | Found a snail-covered altar of Cheibriados.
  2588 | D:5      | Noticed Grinder
  2594 | D:5      | Killed Grinder
  2594 | D:5      | Reached skill level 5 in Maces & Flails
  2594 | D:5      | Reached skill level 7 in Shields
  2594 | D:5      | Reached XP level 8. HP: 38/52 MP: 8/8
  2612 | D:5      | Found a staircase to the Ecumenical Temple.
  2621 | Temple   | Entered the Ecumenical Temple
  2689 | Temple   | Became a worshipper of Qazlal Stormbringer
  2967 | D:2      | Found a faded altar of an unknown god.
  3298 | D:2      | Found a radiant altar of Vehumet.
  3300 | D:2      | Found a white marble altar of Elyvilon.
  3301 | D:2      | Found an iron altar of Okawaru.
  3302 | D:2      | Found a shattered altar of Ashenzari.
  3303 | D:2      | Reached * piety under Qazlal
  3304 | D:2      | Found an ancient bone altar of Kikubaaqudgha.
  3667 | D:2      | Found a shimmering blue altar of Sif Muna.
  3960 | D:3      | Found a glowing silver altar of Zin.
  4652 | D:6      | Reached skill level 1 in Invocations
  4871 | D:6      | Found a burning altar of Makhleb.
  5423 | D:7      | Noticed Menkaure
  5431 | D:7      | Killed Menkaure
  5444 | D:7      | Noticed a hippogriff
  5451 | D:7      | Killed a hippogriff
  5451 | D:7      | Reached XP level 9. HP: 45/58 MP: 9/11
  5564 | D:7      | Noticed Duvessa
  5567 | D:7      | Noticed Dowan
  5574 | D:7      | Killed Duvessa
  5576 | D:7      | Killed Dowan
  5750 | D:7      | Reached skill level 8 in Shields
  6464 | D:8      | Reached ** piety under Qazlal
  6817 | D:8      | Noticed a hornet
  6823 | D:8      | Paralysed by a hornet for 3 turns
  6824 | D:8      | Mangled by a hornet

Levels and vault maps discovered:
D:1:      doesnt_arrival_eight_statues, layout_basic, minivault_11
D:2:      layout_loops_ring, overflow_temple_1_default,
          grunt_temple_overflow_open, chequers_ecumenical_altar_simple
D:3:      layout_basic, zin_treasury
D:4:      layout_loops_ring
D:5:      lemuel_ratsnest, layout_gridville, cheibrodos_worm_habitat,
          minmay_temple_entry_arrows, enter_ossuary_1, first_ration,
          uniq_grinder
D:6:      layout_loops_corners, bloody_makhleb
D:7:      layout_basic, grunt_decor_resistance, uniq_duvessa, uniq_menkaure
D:8:      layout_rooms, old_standard_altar, kennysheep_mini, hangedman_ranch
          [blue_anna_fruit_fields]
Temple:   compressed_dpeg_triangle_lava_temple

Skill      XL: |  1  2  3  4  5  6  7  8  9 |
---------------+----------------------------+-----
Polearms       | 3 4 |  4.0
Shields        | 4 5 7 8 |  8.2
Maces & Flails | 1 3 5 6 |  6.6
Invocations    | 2 3 |  3.8
Fighting       | 4 |  4.7
Dodging        | 4 |  4.8

Action                   |  1- 3 |  4- 6 |  7- 9 || total
-------------------------+-------+-------+-------++-------
Melee: Trident           |    83 |    33 |       ||   116
       Constrict         |    16 |    26 |    59 ||   101
       Tentacles         |    11 |    19 |    48 ||    78
       Mace              |       |    79 |   245 ||   324
Evoke: Wand              |       |       |     1 ||     1
  Use: Potion            |       |       |     3 ||     3
 Stab: Sleeping          |     6 |     4 |     9 ||    19
       Distracted        |       |     1 |       ||     1
  Eat: Chunk             |       |     3 |     9 ||    12
       Ration            |       |       |     2 ||     2
Armor: Skin              |     8 |     2 |     7 ||    17
Dodge: Dodged            |    30 |    44 |    80 ||   154
Block: Kite shield       |    29 |    48 |   116 ||   193

Table legend:
 A = Non-vault XP
 B = Vault XP
 C = Vault XP percentage of total XP
 D = Non-vault monster count
 E = Vault monster count
 F = Vault count percentage of total count
                 A         B        C        D         E       F
            +---------+---------+-------+---------+---------+-------
      Total |    2306 |    1310 |  36.2 |     134 |      73 |  35.3
            +---------+---------+-------+---------+---------+-------
        D:1 |      66 |       0 |   0.0 |      35 |       0 |   0.0
        D:2 |      76 |       0 |   0.0 |      22 |       0 |   0.0
        D:3 |      84 |       0 |   0.0 |      19 |       0 |   0.0
        D:4 |      76 |       0 |   0.0 |       4 |       0 |   0.0
        D:5 |     344 |     453 |  56.8 |      15 |      31 |  67.4
        D:6 |     437 |       0 |   0.0 |      12 |       0 |   0.0
        D:7 |     559 |     396 |  41.5 |       9 |       3 |  25.0
        D:8 |     664 |       0 |   0.0 |      18 |       0 |   0.0
    Ossuary |       0 |     461 | 100.0 |       0 |      39 | 100.0
            +---------+---------+-------+---------+---------+-------
